 Dungeon Crawl Stone Soup version 0.28.0-47-ge53b351184 (webtiles) character file.

Game seed: 18426241583447954617

246 bobregger the Ducker (level 5, -2/70 HPs)
             Began as a Draconian Berserker on Apr 27, 2022.
             Was a Believer of Trog.
             Slain by Terence
             ... wielding a +2 mace of protection
              (6 damage)
             ... on level 3 of the Dungeon.
             The game lasted 00:03:13 (3016 turns).

bobregger the Ducker (Draconian Berserker)          Turns: 3016, Time: 00:03:13

Health: -2/70      AC: 22    Str: 19      XL:     5   Next: 84%
Magic:  5/5        EV:  2    Int:  6 (7)  God:    Trog [**....]
Gold:   112        SH:  0    Dex: 13      Spells: 4/4 levels left

rFire   . . .      SeeInvis .   a - +0 falchion
rCold   + . .      Faith    .   (no shield)
rNeg    . . .      Spirit   .   (armour unavailable)
rPois   +          Reflect  .   (helmet currently unavailable)
rElec   .          Harm     .   (cloak currently unavailable)
rCorr   .          Rampage  .   (gloves currently unavailable)
Will    ++...      NoTele   +   (boots currently unavailable)
Stlth   +.........              (no amulet)
HPRegen 1.21/turn               i - ring of protection from cold
MPRegen 0.09/turn               (no ring)

@: tree-form, strong-willed, on berserk cooldown, regenerating, slowed, very
slow
A: stationary, stasis, torment immunity, boosted hp, AC +5, unfitting armour,
(cold-blooded)
a: Renounce Religion, Berserk, Trog's Hand


You were on level 3 of the Dungeon.
You worshipped Trog.
Trog was pleased with you.
You were a tree.
You visited 1 branch of the dungeon, and saw 3 of its levels.

You collected 112 gold pieces.

Inventory:

Hand Weapons
 a - a +0 falchion (weapon)
Jewellery
 i - a ring of protection from cold (left branch)
Scrolls
 b - 2 scrolls of enchant armour {unknown}
 c - 2 scrolls of blinking {unknown}
 e - a scroll of vulnerability {unknown}
 f - 3 scrolls of identify {unknown}
 g - a scroll of enchant weapon {unknown}
 h - a scroll of fog {unknown}
 j - a scroll of summoning {unknown}
 k - a scroll of immolation {unknown}
Potions
 d - 2 potions of degeneration
 l - a potion of lignification


   Skills:
 + Level 4.5 Fighting
 + Level 4.1 Long Blades
 * Level 4.7 Dodging


You had 4 spell levels left.
You didn't know any spells.
Your spell library was empty.

Dungeon Overview and Level Annotations

Branches:
Dungeon (3/15)

Altars:
Sif Muna

Shops:
D:2 [

Annotations:
D:3 Terence


Innate Abilities, Weirdness & Mutations

You are a tree.
Your roots penetrate the ground, keeping you stationary.
You cannot be teleported.
You are immune to unholy pain and torment.
Your maximum health is greatly increased.
Your equipment is partially melded.
((Your plain brown scales are hard. (AC +5)))
You cannot fit into any form of body armour.
((You are cold-blooded and may be slowed by cold attacks.))


Message History

Terence hits you with a +2 mace of protection!
You hit something. Something hits you!
Terence hits you with a +2 mace of protection.
* * * LOW HITPOINT WARNING * * *
Something hits you but does no damage.
You hit something.
Terence hits you with a +2 mace of protection.
* * * LOW HITPOINT WARNING * * *
Terence hits you but does no damage. Something hits you but does no damage.
You hit something but do no damage. Terence hits you but does no damage.
Something hits you but does no damage. Terence screams, "I want your blood!"
Terence hits you but does no damage.
You closely miss something.
Terence hits you with a +2 mace of protection.
* * * LOW HITPOINT WARNING * * *
Something hits you.
* * * LOW HITPOINT WARNING * * *
You hit something. Terence barely misses you. Something hits you.
* * * LOW HITPOINT WARNING * * *
Terence completely misses you.
You closely miss something. Terence hits you but does no damage.
Something hits you but does no damage. Terence hits you but does no damage.
You hit something. Trog accepts your kill.
Trog appreciates your killing of a magic user.
Reactivating autopickup.
You feel a bit more experienced.
Terence hits you with a +2 mace of protection.
* * * LOW HITPOINT WARNING * * *
You feel less attractive to monsters.
You feel your strength returning.
You feel your intelligence returning.
You feel your dexterity returning.
Your Long Blades skill increases to level 4!
Your Dodging skill increases to level 4!
You have reached level 5!
Your skin crawls.
You feel strong-willed.
Terence hits you with a +2 mace of protection.
You die...

#.###.## ..# #..# #.#
..###..# #.# .......#
#.# .##.##.###### #.#
.##.........# #.# #
†#####.####.#
#.##.###$ .#####.#
#.# #).......
.......# #.# #♣#
######## #.# #@# .##
####.####l# ..##
##.........#
...####..........###
...+......)..........
...###.....†....###.#
..## #.....###..# #
.## #..#..###..#


You could see Terence and a frilled lizard.

Vanquished Creatures
  Sigmund (D:3)
  3 adders
  A worm (D:2)
  A dart slug (D:2)
  5 ball pythons
  8 endoplasms
  2 giant cockroaches
  7 goblins
  8 hobgoblins
  2 quokkas
  3 bats
  4 frilled lizards
  6 kobolds
  4 rats
55 creatures vanquished.

Notes
Turn   | Place    | Note
-------+----------+-------------------------------------------
     0 | D:1      | bobregger the Draconian Berserker began the quest for the
                  | Orb.
     0 | D:1      | Reached XP level 1. HP: 19/19 MP: 1/1
   157 | D:1      | Reached XP level 2. HP: 24/26 MP: 2/2
   858 | D:1      | Reached ** piety under Trog
  1179 | D:2      | Reached XP level 3. HP: 33/33 MP: 3/3
  1955 | D:2      | Reached XP level 4. HP: 31/40 MP: 4/4
  2247 | D:2      | Found Kaffiw's Armour Shoppe.
  2670 | D:3      | Found a shimmering blue altar of Sif Muna.
  2879 | D:3      | Found a faded altar of an unknown god.
  2987 | D:3      | Noticed Terence
  2988 | D:3      | Noticed Sigmund
  3013 | D:3      | HP: 2/60 [something (6)]
  3015 | D:3      | Killed Sigmund
  3016 | D:3      | Reached XP level 5. HP: 3/47 MP: 5/5
  3016 | D:3      | Slain by Terence

Illustrated notes

Levels and vault maps discovered:
D:1:      kennysheep_arrival_seaside, layout_loops_cross
D:2:      layout_loops_ring, serial_shops, shop
D:3:      layout_loops_corners, mainiacjoe_overflow_cross_hatched,
          ebering_ecumenical_altar_hall, minmay_checkerbox, uniq_terence,
          uniq_sigmund

Skill      XL: |  1  2  3  4 |
---------------+-------------+-----
Dodging        | 3 4 |  4.7
Fighting       | 4 |  4.5
Long Blades    | 4 |  4.1

Action                   |  1- 3 |  4- 6 || total
-------------------------+-------+-------++-------
Melee: Falchion          |   113 |    46 ||   159
       Tailslap          |    13 |     2 ||    15
Invok: Berserk           |     2 |     2 ||     4
       Trog's Hand       |       |     2 ||     2
  Use: Potion            |       |     3 ||     3
 Stab: Sleeping          |     2 |     1 ||     3
Armor: Skin              |    33 |    44 ||    77
Dodge: Dodged            |    69 |    29 ||    98
